 Dungeon Crawl Stone Soup version 0.26-a0-631-ged93497179 (webtiles) character file.

Game seed: 16744951091463700074

47 PentaManta the Cudgeler (level 3, 8/21 HPs)
             Began as a Gargoyle Warper on Sept 13, 2020.
             Got out of the dungeon alive.
             The game lasted 00:05:46 (1575 turns).

PentaManta the Cudgeler (Gargoyle Warper)           Turns: 1575, Time: 00:05:47

Health: 8/21       AC:  9    Str: 15    XL:     3   Next: 70%
Magic:  6/6        EV:  9    Int: 13    God:
Gold:   62         SH:  0    Dex:  9    Spells: 4/6 levels left

rFire    . . .     SeeInvis .   k - +0 whip
rCold    . . .     Faith    .   (no shield)
rNeg     + . .     Spirit   .   i - +0 scale mail
rPois    ∞         Reflect  .   (no helmet)
rElec    +         Harm     .   (no cloak)
rCorr    .         Rampage  .   (no gloves)
MR       .....                  (no boots)
Stlth    ..........             (no amulet)
HPRegen  0.07/turn              (no ring)
MPRegen  0.10/turn              (no ring)

@: no status effects
A: negative energy resistance 1, electricity resistance, unbreathing,
petrification resistance, rot immunity, AC +3
a: no special abilities


You escaped.
You visited 1 branch of the dungeon, and saw 2 of its levels.

You collected 62 gold pieces.

Inventory:

Hand Weapons
 a - a +0 mace
 g - a +0 hunting sling
 k - a +0 whip (weapon)
Missiles
 e - 5 boomerangs of dispersal (quivered)
Armour
 i - a +0 scale mail (worn)
 j - a +0 chain mail
Scrolls
 d - 2 scrolls of blinking
 f - a scroll of remove curse {unknown}
 h - a scroll of teleportation {unknown}
Potions
 b - a potion of might {unknown}
 c - a potion of stabbing {unknown}
 l - a potion of heal wounds {unknown}


   Skills:
 - Level 2.1 Fighting
 * Level 3.4 Maces & Flails
 - Level 0.8 Throwing
 + Level 2.2 Armour
 - Level 1.5 Dodging
 - Level 2.0 Spellcasting
 - Level 2.6 Translocations


You had 4 spell levels left.
You knew the following spells:

 Your Spells              Type           Power        Failure   Level
a - Blink                 Tloc           N/A          45%         2

Your spell library contained the following spells:

 Spells                   Type           Power        Failure   Level
 Gell's Gravitas          Tloc           #.........   69%         3
 Lesser Beckoning         Tloc           #.........   69%         3
 Teleport Other           Tloc           #.......     69%         3
 Passage of Golubria      Tloc           N/A          97%         4


Dungeon Overview and Level Annotations

Branches:
Dungeon (2/15)

Altars:


Innate Abilities, Weirdness & Mutations

You are resistant to torment.
Your stone body is resilient. (AC +3)
You are immune to poison.
You resist negative energy. (rN+)
You are resistant to electric shocks. (rElec)
You can survive without breathing.
You are immune to petrification.
You are immune to rotting.


Message History

You hit the leopard gecko.
You kill the leopard gecko!
The quokka bites you.
You see here a leopard gecko corpse.
You hit the quokka.
The quokka is moderately wounded.
The quokka bites you.
* * * LOW HITPOINT WARNING * * *
You hit the quokka.
You kill the quokka!
Things that are here:
a quokka corpse; a leopard gecko corpse Welcome back, PentaManta the Gargoyle Warper.
Press ? for a list of commands and other information.
There is a stone staircase leading up here.
You climb upwards.
There is a stone staircase leading down here.
There is a staircase leading out of the dungeon here.
Are you sure you want to leave the Dungeon?
This will make you lose the game!
You have escaped!

...#
###..#..##........#.#
.#.########
#....#...#######.....
.#........#
#...###..#...........
####..#######...#
##.##########.#
(#...## #.#.####..#
######.#. .#.#######
#...###...# #.....###
.........###....##..##
#.####.#.
########.##........##
#.#####.#
#.#####..@.#####
#.....### #.#
##...##..#######.# #.#
#####....# #.# #.#
#....## #.# ########.#
##.#.# #.# #........#
####.#.## #.#
#.######## #.......#
#.### #.# #.......#
#.##. #.#
#.......######....


There were no monsters in sight!

Vanquished Creatures
  2 adders (D:2)
  2 leopard geckos
  2 ball pythons (D:1)
  A bat (D:1)
  A giant cockroach (D:1)
  2 goblins (D:2)
  5 hobgoblins
  A quokka (D:2)
  3 frilled lizards (D:1)
  4 kobolds (D:1)
  4 rats
27 creatures vanquished.

Notes
Turn   | Place    | Note
-------+----------+-------------------------------------------
     0 | D:1      | PentaManta the Gargoyle Warper began the quest for the Orb.
     0 | D:1      | Reached XP level 1. HP: 12/12 MP: 3/3
   325 | D:1      | Reached XP level 2. HP: 17/17 MP: 5/5
  1371 | D:2      | Reached skill level 3 in Maces & Flails
  1408 | D:2      | Reached XP level 3. HP: 20/21 MP: 6/6
  1490 | D:2      | Learned a level 2 spell: Blink
  1575 | D:$      | Got out of the dungeon alive.

Illustrated notes

Levels and vault maps discovered:
D:1:      dpeg_arrival_round_c, layout_loops_ring
D:2:      layout_rooms

Skill      XL: |  1  2 |
---------------+-------+-----
Maces & Flails | 3 |  3.4
Armour         | 2 |  2.2
Fighting       | |  2.1
Throwing       | |  0.8
Dodging        | |  1.5
Spellcasting   | |  2.0
Translocations | |  2.6

Action                   || total
-------------------------++-------
Melee: Mace              ||    30
       Dagger            ||    63
       Whip              ||    74
Armor: Leather armour    ||    39
       Scale mail        ||    29
Dodge: Dodged            ||   117

Table legend: (Time is in decaauts)
 A = Elapsed time spent in this place.
 B = Non-inter-level travel time spent in this place.
 C = Inter-level travel time spent in this place.
 D = Time resting spent in this place.
 E = Time spent auto-exploring this place.
 F = Levels seen in this place.
 G = Mean time per level.
                   A        B        C        D        E       F      G
               +--------+--------+--------+--------+--------+-----+--------+
         Total |   1578 |   1537 |     41 |      0 |   1153 |   2 |  789.0 |
       Dungeon |   1578 |   1537 |     41 |      0 |   1153 |   2 |  789.0 |
               +--------+--------+--------+--------+--------+-----+--------+

Top non-repeatable levels by time:
     D:1: 1384 daAuts
     D:2: 193 daAuts
